 Dungeon Crawl Stone Soup version 0.19-a0-1704-gbd66c22 (webtiles) character file.

144 dvd the Chiller (level 5, -7/38 HPs)
             Began as a Ghoul Ice Elementalist on Sept 27, 2016.
             Killed by divine providence
             ... invoked by an orc priest
              (10 damage)
             ... on level 3 of the Dungeon.
             The game lasted 00:07:56 (2239 turns).

dvd the Chiller (Ghoul Ice Elementalist)            Turns: 2239, Time: 00:07:58

Health: -7/38      AC:  3    Str: 12    XL:     5   Next: 27%
Magic:  7/8        EV: 12    Int: 15    God:
Gold:   46         SH:  0    Dex: 10    Spells: 3 memorised, 3 levels left

rFire  . . .     SeeInvis .       - Unarmed
rCold  + . .     Gourm    .     a - +0 robe
rNeg   + + +     Faith    .     (no shield)
rPois  ∞         Spirit   .     (no helmet)
rElec  .         Dismiss  .     (no cloak)
rCorr  .         Reflect  .     (no gloves)
MR     .....     Harm     .     (no boots)
Stlth  ++........               (no amulet)
                                (no ring)
                                g - +5 ring of intelligence

@: rotting
A: rotting body, claws 1, carnivore 3, cold resistance 1, negative energy
resistance 3, slow regeneration 1, torment resistance, unbreathing
a: no special abilities


You were on level 3 of the Dungeon.
You were not hungry.

You visited 1 branch of the dungeon, and saw 3 of its levels.

You collected 46 gold pieces.

Inventory:

Missiles
 h - 2 javelins (quivered)
Armour
 a - a +0 robe (worn)
Jewellery
 g - a +5 ring of intelligence (left claw)
Scrolls
 e - 3 scrolls of identify
 i - 3 scrolls of remove curse
 j - 2 scrolls of teleportation {unknown}
 l - a scroll of amnesia {unknown}
 m - a scroll of magic mapping {unknown}
 q - a scroll of fear {unknown}
 r - a scroll of random uselessness {unknown}
Potions
 d - a potion of might
 f - 2 potions of curing {unknown}
 n - 2 potions of agility
 o - 2 potions of cancellation
Books
 b - a book of Frost

   Spells                             Type                      Level
   a - Freeze                         Ice                          1
   b - Throw Frost                    Conjuration/Ice              2
   c - Ozocubu's Armour               Charms/Ice                   3
   d - Throw Icicle                   Conjuration/Ice              4
   e - Summon Ice Beast               Ice/Summoning                4
Comestibles
 c - 4 meat rations
 p - a beef jerky


   Skills:
 + Level 0.2 Fighting
 + Level 2.5 Dodging
 + Level 2.7 Stealth
 + Level 2.3 Unarmed Combat
 + Level 2.7 Spellcasting
 + Level 1.0 Conjurations
 + Level 3.9 Ice Magic


You had 3 spell levels left.
You knew the following spells:

 Your Spells              Type           Power        Failure   Level  Hunger
a - Freeze                Ice            ##..         4%          1    #......
b - Throw Frost           Conj/Ice       #.....       12%         2    ##.....
c - Ozocubu's Armour      Chrm/Ice       #.......     30%         3    ###....


Dungeon Overview and Level Annotations

Branches:
Dungeon (3/15)

Altars:


Innate Abilities, Weirdness & Mutations

Your body is rotting away.
You thrive on raw meat.
You are immune to poison.
You have sharp fingernails.
You are carnivorous and can eat meat at any time.
Your flesh is cold resistant. (rC+)
You are immune to negative energy. (rN+++)
You regenerate slowly when monsters are visible.
You are immune to unholy pain and torment.
You can survive without breathing.


Message History

Aim: an orc priest, wielding a whip You freeze the orc priest.
The orc priest is lightly wounded.
The orc priest hits you with a whip.
* * * LOW HITPOINT WARNING * * *
You barely miss the orc priest.
The orc priest is lightly wounded.
The orc priest hits you with a whip.
* * * LOW HITPOINT WARNING * * *
Unknown command.
It was a potion of agility.
You feel agile all of a sudden.
The orc priest hits you but does no damage.
It was a potion of cancellation.
Your magical effects are unravelling.
You feel magically purged.
You feel a little less mighty now.
You feel a little less agile now.
The orc priest invokes the aid of Beogh against you.
Beogh smites you!
You die...

.o..... ....... ....... .###.
....... ..... ####....... #.
#...###..o..# #. #.#..#..##..#
#.# #......###..# ..# #.#
#...#....@o.## .... .
#.###.#.#...##.####...# .
#.#...#...#..#.###....#####
.###.#.###.####...##.........#
...........#.................#
#.<..........##..............#
#........)...................#
#....)....######.............##
#.(......#######..............##


You could see an orc priest.

Vanquished Creatures
  A worker ant (D:3)
  5 adders
  3 adder zombies (D:2)
  An adder skeleton (D:2)
  7 dart slugs
  An orc (D:3)
  2 bat skeletons (D:2)
  A bat zombie (D:2)
  3 giant cockroaches
  6 hobgoblins
  A quokka (D:2)
  8 bats
  3 frilled lizards
  A giant cockroach zombie (D:2)
  2 goblins (D:1)
  4 kobolds
  A quokka zombie (D:2)
  6 rats
56 creatures vanquished.

Notes
Turn   | Place    | Note
-------+----------+-------------------------------------------
     0 | D:1      | dvd the Ghoul Ice Elementalist began the quest for the Orb.
     0 | D:1      | Reached XP level 1. HP: 14/14 MP: 2/2
   250 | D:1      | Reached XP level 2. HP: 20/20 MP: 0/4
   405 | D:1      | Learned a level 2 spell: Throw Frost
  1074 | D:1      | Reached XP level 3. HP: 26/26 MP: 2/5
  1214 | D:2      | Reached skill level 1 in Unarmed Combat
  1395 | D:2      | Reached XP level 4. HP: 12/33 MP: 2/6
  1398 | D:2      | Reached skill level 1 in Conjurations
  1806 | D:2      | Learned a level 3 spell: Ozocubu's Armour
  2024 | D:3      | Reached XP level 5. HP: 26/38 MP: 3/7
  2239 | D:3      | Killed from afar by an orc priest

Vault maps used:
D:1:      shiori_shiawase, minmay_pentomino_s2
D:2:      serial_undead, serial_undead_f, serial_undead_e, serial_undead_e,
          serial_undead_b, serial_undead_a, first_bread

Skill      XL: |  1  2  3  4 |
---------------+-------------+-----
Spellcasting   | 2 |  2.7
Dodging        | 2 |  2.5
Unarmed Combat | 1 2 |  2.3
Conjurations   | 1 |  1.0
Fighting       | |  0.2
Stealth        | |  2.7
Ice Magic      | |  3.9

Action                   |  1- 3 |  4- 6 || total
-------------------------+-------+-------++-------
Melee: Unarmed           |   105 |    77 ||   182
 Cast: Freeze            |    19 |    14 ||    33
       Throw Frost       |     7 |     8 ||    15
       Ozocubu's Armour  |       |     3 ||     3
  Use: Scroll            |     2 |       ||     2
       Potion            |       |     3 ||     3
 Stab: Sleeping          |     1 |     4 ||     5
  Eat: Chunk             |     8 |    14 ||    22
Armor: Robe              |    45 |    24 ||    69
Dodge: Dodged            |    78 |    57 ||   135
